 Dungeon Crawl Stone Soup version 0.31.0 (webtiles) character file.

Game seed: 17367998175325728910

2589404 bakla the Skinwalker (level 24, 144/144 HPs)
             Began as a Felid Fighter on Jan 19, 2024.
             Was the Champion of Wu Jian.
             Escaped with the Orb
             ... and 3 runes
             ... and 4 gems on Jan 20, 2024!
             The game lasted 01:37:20 (39948 turns).

bakla the Skinwalker (Felid Fighter)               Turns: 39948, Time: 01:37:21

Health: 144/144    AC: 12    Str: 20    XL:     24   Next: 12%
Magic:  24/24      EV: 62    Int: 16    God:    Wu Jian [******]
Gold:   1720       SH:  0    Dex: 25    Spells: 23/23 levels left
                                        Lives:  2   Deaths: 4

rFire   + .          .
                       - Unarmed
rCold   . . .        (shield unavailable)
rNeg    + . .        (body armour unavailable)
rPois   ∞            (helmet unavailable)
rElec   +            (cloak unavailable)
rCorr   .            (gloves unavailable)
SInv    +            (boots unavailable)
Will    ++++.        J - amulet of regeneration
Stlth   +++          W - ring "Belouph" {Fly rF+ rN+}
HPRegen 1.24/turn    r - ring "Ydoz" {Will+ Dex+6 Slay+2}
MPRegen 0.19/turn

%: no passive effects
@: storm-form, flying, studying Stealth
A: cleaving, insubstantial, flying, very small, (claws 1), (fangs 3), see
invisible, (shaggy fur 3), (stealthy paws), no weapons or thrown items, no
armour, multi-lived, inhibited regeneration
0: Orb of Zot
}: 3/15 runes: barnacled, silver, gossamer
a: Blinkbolt, Begin Untransformation, Renounce Religion, Wall Jump, Serpent's
Lash, Heavenly Storm


You escaped.
You worshipped Wu Jian.
Wu Jian was exalted by your worship.
You were a lightning-filled tempest!
You visited 10 branches of the dungeon, and saw 48 of its levels.

You collected 7628 gold pieces.
You spent 5908 gold pieces at shops.

Inventory:

Jewellery
 r - the ring "Ydoz" (right paw) {Will+ Dex+6 Slay+2}
   (You found it on level 3 of the Elven Halls)

   [ring of dexterity]

   Dex+6:     It affects your dexterity (+6).
   Slay+2:    It affects your accuracy & damage with ranged weapons and melee
   (+2).
   Will+:     It increases your willpower.
 C - a +6 ring of strength
 D - an amulet of reflection
 G - the ring of Shadows {Umbra +Inv Stlth+}
   (You found it on level 5 of the Vaults)

   [ring of stealth]

   Umbra:     It surrounds you with an aura of shadow, increasing your stealth
   and reducing the accuracy of all others within it.
   +Inv:      It lets you turn invisible.
   Stlth+:    It makes you more stealthy.
 J - an amulet of regeneration (around neck)
 U - the ring "Nyjeg" {rElec Dex+3 SInv}
   (You bought it in a shop on level 1 of the Elven Halls)

   [ring of see invisible]

   Dex+3:     It affects your dexterity (+3).
   rElec:     It insulates you from electricity.
   SInv:      It lets you see invisible.
 V - the ring of the Hare {EV+10}
   (You found it on level 3 of the Elven Halls)

   [ring of evasion]

   EV+10:     It affects your evasion (+10).
 W - the ring "Belouph" (left paw) {Fly rF+ rN+}
   (You acquired it on level 2 of the Elven Halls)

   [ring of flight]

   rF+:       It protects you from fire.
   rN+:       It protects you from negative energy.
   Fly:       It grants you flight.
 X - a ring of protection from cold
 Y - the amulet of Xurgh {Acrobat Harm rN+ SInv}
   (You took it off a deep elf death mage on level 3 of the Elven Halls)

   [amulet of the acrobat]

   Acrobat:   It increases your evasion while moving and waiting.
   rN+:       It protects you from negative energy.
   SInv:      It lets you see invisible.
   Harm:      It increases damage dealt and taken.
 Z - the necklace of Bloodlust {Fury *Rage Will++ Int-3 Slay+6}
   (You found it on level 3 of the Elven Halls)

   [amulet of nothing]

   Fury:      It extends the wearer's berserk rage when killing foes.
   Int-3:     It affects your intelligence (-3).
   Slay+6:    It affects your accuracy & damage with ranged weapons and melee
   (+6).
   Will++:    It greatly increases your willpower.
   *Rage:     It berserks you when you make melee attacks (+50% chance).
Talismans
 h - a granite talisman
 Q - the storm talisman of the Nurturing Gods (active) {Int+3}
   (You found it on level 5 of the Vaults)

   [storm talisman]

   Int+3:     It affects your intelligence (+3).
Wands
 b - a wand of digging (3)
 l - a wand of flame (60)
 s - a wand of charming (31)
 t - a wand of polymorph (40)
 v - a wand of roots (47)
 B - a wand of mindburst (27)
 K - a wand of light (42)
Scrolls
 a - 11 scrolls of fear
 j - 7 scrolls of immolation
 m - 3 scrolls of torment
 n - 12 scrolls of noise
 p - 4 scrolls of butterflies
 u - 15 scrolls of identify
 x - 10 scrolls of teleportation
 y - a scroll of silence
 I - 4 scrolls of vulnerability
 L - 4 scrolls of fog
 M - 6 scrolls of poison
 O - 9 scrolls of blinking
 P - 7 scrolls of amnesia
Potions
 c - 10 potions of enlightenment
 d - 8 potions of brilliance
 e - a potion of resistance
 f - 4 potions of lignification
 g - 9 potions of mutation
 i - 14 potions of curing
 k - 15 potions of heal wounds
 o - 7 potions of haste
 q - 3 potions of cancellation
 w - 7 potions of ambrosia
 z - 5 potions of invisibility
 F - 8 potions of attraction
 H - 14 potions of might
 R - 3 potions of magic
 T - 2 potions of berserk rage
Miscellaneous
 A - a condenser vane
 N - a box of beasts
 S - a phantom mirror


   Skills:
 + Level 20.9 Fighting
 + Level 21.5 Dodging
 - Level 19.8 Stealth
 + Level 20.8 Unarmed Combat
 - Level 13.9 Evocations
 - Level 23.0 Shapeshifting


You had 23 spell levels left.
You didn't know any spells.
Your spell library contained the following spells:

 Spells                   Type           Power      Damage    Failure   Level
 Foxfire                  Conj/Fire      0%         2x1d4     26%         1
 Kiss of Death            Conj/Necr      0%         2d5       26%         1
 Magic Dart               Conj           0%         1d3       26%         1
 Sandblast                Erth           0%         2d4       26%         1
 Shock                    Conj/Air       0%         1d3       26%         1
 Slow                     Hex            0%         N/A       26%         1
 Sting                    Conj/Alch      0%         1d3       26%         1
 Blink                    Tloc           0%         N/A       36%         2
 Call Imp                 Summ           0%         N/A       36%         2
 Cigotuvi's Dreadful Rot  Necr/Alch/Air  0%         N/A       36%         2
 Ensorcelled Hibernation  Hex/Ice        0%         N/A       36%         2
 Lesser Beckoning         Tloc           0%         N/A       36%         2
 Mercury Vapours          Alch/Air       0%         N/A       36%         2
 Momentum Strike          Conj/Tloc      0%         3d8       36%         2
 Searing Ray              Conj           0%         2d4       36%         2
 Confusing Touch          Hex            0%         N/A       58%         3
 Dazzling Flash           Conj/Hex       0%         N/A       58%         3
 Hailstorm                Conj/Ice       0%         3d5       58%         3
 Inner Flame              Hex/Fire       0%         N/A       58%         3
 Mephitic Cloud           Conj/Alch/Air  0%         N/A       58%         3
 Passwall                 Erth           0%         N/A       58%         3
 Sigil of Binding         Hex            0%         N/A       58%         3
 Stone Arrow              Conj/Erth      0%         3d7       58%         3
 Summon Ice Beast         Ice/Summ       0%         N/A       58%         3
 Swiftness                Air            0%         N/A       58%         3
 Vampiric Draining        Necr           0%         2d6       58%         3
 Volatile Blastmotes      Fire/Tloc      0%         2d10      58%         3
 Airstrike                Air            0%         2d(0-16)  94%         4
 Anguish                  Hex/Necr       0%         N/A       94%         4
 Animate Dead             Necr           0%         N/A       94%         4
 Brom's Barrelling Bould  Conj/Erth      0%         2d3       94%         4
 Cause Fear               Hex            0%         N/A       94%         4
 Flame Wave               Conj/Fire      0%         2d4       94%         4
 Fulminant Prism          Conj/Alch      0%         3d5       94%         4
 Iskenderun's Mystic Bla  Conj/Tloc      0%         2d3       94%         4
 Olgreb's Toxic Radiance  Alch           0%         N/A       94%         4
 Passage of Golubria      Tloc           0%         N/A       94%         4
 Petrify                  Alch/Erth      0%         N/A       94%         4
 Sticky Flame             Fire/Alch      0%         2d4       94%         4
 Summon Lightning Spire   Summ/Air       0%         N/A       94%         4
 Alistair's Intoxication  Alch           0%         N/A       100%        5
 Borgnjor's Vile Clutch   Necr/Erth      0%         N/A       100%        5
 Curse of Agony           Necr           0%         N/A       100%        5
 Fireball                 Conj/Fire      0%         3d3       100%        5
 Freezing Cloud           Conj/Ice/Air   0%         6-21      100%        5
 Irradiate                Conj/Alch      0%         3d11      100%        5
 Lee's Rapid Deconstruct  Erth           0%         3d4*      100%        5
 Silence                  Hex/Air        0%         N/A       100%        5
 Summon Forest            Summ/Tloc      0%         N/A       100%        5
 Summon Mana Viper        Hex/Summ       0%         N/A       100%        5
 Eringya's Noxious Bog    Alch           0%         4d6       100%        6
 Sculpt Simulacrum        Ice/Alch       0%         N/A       100%        6
 Summon Cactus Giant      Summ           0%         N/A       100%        6
 Enfeeble                 Hex            0%         N/A       100%        7
 Haunt                    Necr/Summ      0%         N/A       100%        7
 Malign Gateway           Summ/Tloc      0%         N/A       100%        7
 Ozocubu's Refrigeration  Ice            0%         4d7       100%        7
 Summon Hydra             Summ           0%         N/A       100%        7
 Infestation              Necr           0%         N/A       100%        8
 Lehudib's Crystal Spear  Conj/Erth      0%         10d2      100%        8
 Summon Horrible Things   Summ           0%         N/A       100%        8
 Chain Lightning          Conj/Air       0%         N/A       100%        9
 Dragon's Call            Summ           0%         N/A       100%        9
 Polar Vortex             Ice            0%         N/A       100%        9
 Sublimation of Blood     Necr           Unusable   N/A       N/A         2
 Animate Armour           Summ/Erth      Unusable   N/A       N/A         4

Dungeon Overview and Level Annotations

Branches:
Dungeon (15/15)            Temple (1/1) D:5            Lair (5/5) D:10
 Shoals (4/4) Lair:3       Spider (4/4) Lair:3        Slime (0/5) Lair:4
    Orc (2/2) D:12            Elf (3/3) Orc:2        Vaults (5/5) D:14
  Crypt (0/3) Vaults:2     Depths (4/4) D:15            Zot (5/5) Depths:4

Altars:
Ashenzari
Cheibriados
Dithmenos
Elyvilon
Fedhas
Gozag
Hepliaklqana
Kikubaaqudgha
Makhleb
Nemelex Xobeh
Okawaru
Qazlal
Ru
Sif Muna
Trog
Uskayaw
Vehumet
Wu Jian
Xom
Yredelemnul
Zin
The Shining One
Jiyva
Lugonu

Shops:
D:2 !   D:3 :   D:8 :   D:12 =   D:14 ?   Orc:2 [::(!   Elf:1 **?   Elf:2 (
Shoals:1 *   Zot:4 *   Depths:1 *   Depths:2 *

Portals:
Hell: Depths:1 Depths:2
Abyss: Lair:5
Pandemonium: Depths:2
Bazaar: Vaults:3

Annotations:
D:1 exclusion: kobold
D:6 1 runed translucent door, Phinehas's ghost, novice DrGl
D:7 1 runed translucent door, Crazy Yiuf
D:13 2 transporters, DaftaChap's ghost, journeyman TrSh
Lair:2 3 runed translucent doors, exclusion: oklob plant, Chimkentus's ghost, journeyman TrMo
Lair:4 1 runed translucent door
Lair:5 1 runed translucent door, puppums's ghost, journeyman GrBe
Shoals:2 exclusion: kraken
Shoals:3 Bai Suzhen
Elf:2 3 runed translucent doors, Lalunt's ghost, adept MiBe; Tago's ghost, adept TrFi
Zot:3 exclusion: 2 upstairs
Zot:4 exclusion: 2 upstairs
Zot:5 exclusion: 2 upstairs


Innate Abilities, Weirdness & Mutations

You are a lightning-filled tempest!
Your electrical attacks strike out in all directions at once.
You are incredibly evasive.
Your insubstantial body is immune to petrification, constriction, and being set on fire You are flying.
You are immune to poison.
((You have sharp claws.))
((You have razor-sharp teeth.))
You have supernaturally acute eyesight. (SInv)
((Your thick and shaggy fur keeps you warm. (AC +3, rC+)))
((Your paws help you pounce on unaware monsters.))
You are incapable of wielding weapons or throwing items.
You cannot wear armour.
You gain extra lives every three experience levels.
You do not regenerate when monsters are visible.


Message History

The shock of your passage hits the orc!!!
You kill the orc!
The Council accepts your kill.
You blink.
You feel yourself speed up.
A cherub comes into view.
It is wielding a +3 long sword of flaming.
What level of the Dungeon? (default 1, ? - help)
A cherub is nearby!
You closely miss the cherub. You miss the cherub. You punch the cherub.
The cherub is lightly wounded.
You blast the cherub!!!
You kill the cherub!
The Council accepts your kill.
Things that are here:
a +3 long sword of flaming; a +0 longbow; a +0 robe What level of the Dungeon? (default 1, ? - help)
Things that are here:
a +3 long sword of flaming; a +0 longbow; a +0 robe
There is a stone staircase leading up here.
You feel energetic enough to blinkbolt again.
You fly upwards.
There is a stone staircase leading down here.
There is a stone staircase leading up here.
You fly upwards.
Level annotation: exclusion: kobold
There is a stone staircase leading down here.
Your extra speed is starting to run out.
You lunge at the kobold, in a flurry of attacks.
The helpless kobold fails to defend itself.
You blast the kobold!!!!!
You kill the kobold!
The Council accepts your kill.
You feel yourself slow down.
You now have 1720 gold pieces (gained 13).
What level of the Dungeon? (default 1, ? - help)
You reach down and open the door.
There is an open door here.
There is a staircase leading out of the dungeon here.
You have escaped!

#...#~.~#≈≈§#
##.
#...#~.~#≈≈.#
##
#...#~.~#≈..#
#...#...#...#
#...........#
#...........#
#.......(...#
#...........#
#.....v.....#
#...........#
#############


There were no monsters in sight!

Vanquished Creatures
  An ancient lich (Zot:5)
  6 orbs of fire
  4 Killer Klowns
  Margery (Vaults:4)
  4 golden dragons
  Arachne (Spider:4)
  A Brimstone Fiend (Zot:3)
  2 hellephants
  11 tentacled monstrosities
  2 electric golems
  Rupert (D:13)
  A Hell Sentinel (Depths:3)
  2 liches
  Mlioglotl (Spider:3)
  Zenata (Vaults:4)
  22 Orb Guardians
  8 titans (Vaults:5)
  Asterion (Spider:3)
  3 quicksilver dragons
  3 deep elf blademasters (Elf:3)
  4 deep elf master archers (Elf:3)
  Polyphemus (Shoals:2)
  2 sphinxes
  4 death cobs
  Frances (D:13)
  4 tengu reavers
  Gastronok (Lair:3)
  6 shadow dragons
  6 storm dragons
  3 draconian monks (Zot:2)
  Ilsuiw (Shoals:3)
  4 protean progenitors
  7 fire giants
  4 draconian knights
  13 emperor scorpions
  4 ghost moths
  7 frost giants
  11 deep elf sorcerers
  An iron dragon (Vaults:5)
  16 vault wardens
  5 draconian scorchers
  4 draconian stormcallers
  A deep elf elementalist (Elf:3)
  An angel (Shoals:4)
  5 draconian annihilators
  2 quicksilver oozes (Zot:2)
  4 broodmothers
  4 ironbound thunderhulks
  4 deep elf demonologists (Elf:3)
  7 very ugly things
  6 green draconians
  16 ironbound preservers
  A juggernaut skeleton (Depths:1)
  11 stone giants
  2 vampire knights (Depths:4)
  An apis (Shoals:4)
  17 dire elephants
  5 war gargoyles
  8 deep elf death magi
  4 red draconians
  9 purple draconians
  5 yellow draconians
  5 white draconians
  11 deep elf annihilators
  2 black draconians
  3 spark wasps
  4 crystal guardians
  7 merfolk javelineers
  8 ettins
  4 fire dragons
  A quicksilver dragon zombie (D:15)
  A spriggan zombie (Depths:2)
  6 entropy weavers
  5 great orbs of eyes
  6 merfolk impalers
  8 ice dragons
  11 deep elf high priests
  4 peacekeepers
  A quicksilver dragon skeleton (Depths:2)
  A salamander tyrant (Depths:2)
  2 catoblepae
  32 vault guards
  A spriggan air mage (Depths:4)
  13 yaktaur captains
  5 hydras
  A jorogumo (Spider:3)
  An ogre mage (Vaults:5)
  10 centaur warriors
  2 ironbound frosthearts
  5 radroaches
  A sphinx skeleton (Vaults:1)
  A sphinx zombie (D:15)
  2 rakshasas
  A merfolk avatar (Shoals:2)
  A death knight (Vaults:2)
  2 two-headed ogres
  22 dancing weapons
  3 anacondas (Zot:3)
  6 merfolk aquamancers
  6 boulder beetles
  5 deep troll earth magi
  7 death yaks
  4 deep troll shamans
  3 hell hogs (Depths:1)
  17 demonic crawlers
  A death scarab (Depths:1)
  5 tengu warriors
  A titan zombie (Depths:1)
  2 vampire magi (Depths:2)
  2 spriggan berserkers
  An occultist (D:15)
  2 thrashing horrors (Lair:5)
  9 deep elf knights
  10 hell knights
  A titan skeleton (Depths:1)
  A fire crab (Lair:5)
  A cyclops (shapeshifter) (Vaults:5)
  7 skysharks
  7 pharaoh ants
  A salamander mystic (Depths:2)
  7 iron trolls
  7 skeletal warriors (D:15)
  A storm dragon skeleton (Depths:2)
  3 glowing orange brains
  6 sea snakes
  A spark wasp zombie (Depths:2)
  2 sun moths
  2 cherubim
  A flayed ghost (D:15)
  3 arcanists
  46 deep trolls
  7 orb spiders
  15 ironbound convokers
  A steelbarb worm (shapeshifter) (Vaults:5)
  3 deep elf archers
  5 phantasmal warriors
  11 steelbarb worms
  A lindwurm (Vaults:1)
  A frost giant zombie (Vaults:1)
  27 deep elf pyromancers
  12 harpies
  A sun moth (shapeshifter) (Vaults:5)
  6 orc knights
  18 deep elf zephyrmancers
  30 wolf spiders
  A large abomination (Lair:5)
  21 ugly things
  9 necromancers
  6 fauns (Shoals:2)
  An orc sorcerer (Orc:1)
  17 cyclopes
  A fire giant zombie (Depths:1)
  A salamander (Depths:2)
  Maurice (D:10)
  19 moths of wrath
  9 merfolk sirens
  9 meliai
  19 elephants
  8 manticores
  4 black mambas
  A frost giant skeleton (Depths:1)
  A guardian serpent (shapeshifter) (Vaults:5)
  18 vault sentinels
  2 smoke demons (Lair:5)
  5 kobold blastminers (Orc:2)
  Joseph (D:7)
  A cane toad (shapeshifter) (D:14)
  6 cane toads
  A meliai (shapeshifter) (Lair:5)
  8 torpor snails
  A water nymph (Shoals:4)
  A gargoyle (D:12)
  An efreet (D:15)
  3 rime drakes
  11 yaktaurs
  A kobold demonologist (D:10)
  2 freezing wraiths
  A tormentor (Zot:2)
  3 tengu conjurers
  13 komodo dragons
  2 wind drakes (Shoals:2)
  5 hornets
  A tengu simulacrum (Depths:2)
  A polar bear (shapeshifter) (D:13)
  31 tarantellas
  2 polar bears
  19 blink frogs
  A queen bee (shapeshifter) (Lair:5)
  30 merfolk
  5 trolls
  2 glass eyes (Depths:4)
  A raiju (Lair:5)
  A snapping turtle (shapeshifter) (Elf:3)
  11 dream sheep
  Grinder (D:3)
  8 snapping turtles
  An air elemental (Elf:3)
  12 slime creatures
  An iron dragon simulacrum (Depths:2)
  2 ynoxinuls
  7 wraiths
  4 shadows
  17 water elementals
  23 jumping spiders
  11 culicivoras
  4 spriggan skeletons
  4 wyverns
  52 yaks
  A hog (shapeshifter) (Vaults:5)
  A basilisk (shapeshifter) (Elf:1)
  2 fire elementals
  11 basilisks
  3 steam dragons
  3 chaos spawn (Lair:5)
  44 redbacks
  11 vampire mosquitoes
  11 small abominations (Lair:5)
  Menkaure (D:7)
  Duvessa (D:7)
  23 water moccasins
  A glowing shapeshifter skeleton (Depths:2)
  34 orc warriors
  6 black bears
  A deep troll simulacrum (Vaults:1)
  5 ogres
  18 wolves
  A human skeleton (Vaults:1)
  19 centaurs
  A phantom (D:5)
  7 kobold brigands
  21 bullfrogs
  2 earth elementals
  A gnoll sergeant (D:11)
  5 scorpions
  12 wights (D:9)
  A burial acolyte (D:10)
  Dowan (D:7)
  11 killer bees
  3 electric eels
  8 howler monkeys
  A hound (D:5)
  A bombardier beetle (D:5)
  A jelly (D:4)
  A gnoll bouda (D:7)
  9 orc priests
  Jessica (D:2)
  Ijyb (D:3)
  An iguana (D:5)
  A sleepcap (D:4)
  11 orc wizards
  6 hell rats (Lair:4)
  3 adders
  18 gnolls
  A shadow imp (D:7)
  3 white imps
  3 adder zombies (D:10)
  5 dart slugs
  A ribbon worm (D:5)
  57 orcs
  5 bats
  3 endoplasms
  9 goblins
  4 hobgoblins
  6 jackals
  7 quokkas
  8 ball pythons
  3 frilled lizards (D:1)
  30 kobolds
  4 rats
  An aspiring flesh (Zot:2)
1748 creatures vanquished.

Vanquished Creatures (collateral kills)
  A gnoll (D:4)
  An adder (D:4)
  2 orcs (D:4)
4 creatures vanquished.

Vanquished Creatures (others)
  A deep elf zephyrmancer (Elf:2)
  A faun (Shoals:2)
  A vault sentinel (Vaults:5)
  A black bear (D:4)
  2 orc priests (D:4)
  An orc (Orc:2)
7 creatures vanquished.

Grand Total: 1759 creatures vanquished

Notes
Turn   | Place    | Note
-------+----------+-------------------------------------------
     0 | D:1      | bakla the Felid Fighter began the quest for the Orb.
     0 | D:1      | Reached XP level 1. HP: 12/12 MP: 2/2
   124 | D:1      | Reached XP level 2. HP: 9/16 MP: 3/3
   230 | D:1      | Reached skill level 1 in Stealth
   649 | D:2      | Noticed Jessica
   657 | D:2      | Killed Jessica
   658 | D:2      | Reached skill level 1 in Shapeshifting
   658 | D:2      | Reached XP level 3. HP: 16/20 MP: 4/4
   789 | D:2      | Found a faded altar of an unknown god.
   904 | D:2      | You fall into a shaft and drop 2 floors!
   939 | D:3      | Noticed Ijyb
  1043 | D:3      | Reached XP level 4. HP: 24/24 MP: 5/5
  1043 | D:3      | Gained a life (2 lives remaining)
  1132 | D:2      | Found Ale Zum's Distillery.
  1141 | D:2      | Bought a potion of curing for 39 gold pieces
  1141 | D:2      | Bought a potion of curing for 39 gold pieces
  1656 | D:3      | Found an iron altar of Okawaru.
  1712 | D:3      | Found a glowing golden altar of the Shining One.
  1734 | D:3      | Noticed Grinder
  2236 | D:3      | Noticed a bullfrog
  2248 | D:3      | Killed a bullfrog
  2249 | D:3      | Reached skill level 5 in Dodging
  2249 | D:3      | Reached XP level 5. HP: 16/29 MP: 6/6
  2326 | D:3      | Found Dapnuota's Book Boutique.
  2423 | D:3      | Found a white marble altar of Elyvilon.
  2553 | D:3      | Killed Grinder
  2554 | D:3      | Reached skill level 2 in Shapeshifting
  2554 | D:3      | Gained mutation: You are covered in thick fur. (AC +2)
                  | [Felid growth]
  2554 | D:3      | Reached XP level 6. HP: 18/33 MP: 7/7
  2557 | D:3      | Killed Ijyb
  2558 | D:3      | Reached skill level 5 in Unarmed Combat
  2775 | D:4      | Found a shadowy altar of Dithmenos.
  2813 | D:4      | Reached XP level 7. HP: 32/38 MP: 8/8
  3154 | D:4      | Reached skill level 5 in Stealth
  3291 | D:4      | Found a blossoming altar of Fedhas.
  3421 | D:5      | Entered Level 5 of the Dungeon
  3623 | D:5      | Reached skill level 3 in Shapeshifting
  3679 | D:5      | Reached skill level 5 in Fighting
  3863 | D:5      | Found a staircase to the Ecumenical Temple.
  3868 | D:5      | Reached XP level 8. HP: 43/43 MP: 9/9
  3870 | Temple   | Entered the Ecumenical Temple
  3881 | Temple   | Became a worshipper of the Wu Jian Council
  4109 | D:5      | Found a faded altar of an unknown god.
  4109 | D:5      | Found the Hermit's Pendant {Faith Invo=14 Evo=0 MP+5}
  4388 | D:5      | Reached skill level 4 in Shapeshifting
  4718 | D:6      | Found a sacrificial altar of Ru.
  4904 | D:6      | Noticed Phinehas's ghost (novice DrGl)
  4909 | D:6      | Found a runed translucent door.
  5544 | D:7      | Noticed Dowan
  5565 | D:7      | Reached skill level 5 in Shapeshifting
  5577 | D:7      | Reached * piety under Wu Jian
  5587 | D:7      | Reached XP level 9. HP: 24/48 MP: 20/20
  5697 | D:7      | Noticed Duvessa
  5719 | D:7      | Killed Duvessa
  5729 | D:7      | Killed Dowan
  5923 | D:7      | Noticed Joseph
  6105 | D:7      | Noticed Menkaure
  6112 | D:7      | Killed Menkaure
  6149 | D:7      | Killed Joseph
  6150 | D:7      | Reached skill level 6 in Shapeshifting
  6270 | D:7      | Found a glowing silver altar of Zin.
  6371 | D:7      | Reached ** piety under Wu Jian
  6562 | D:7      | Found a runed translucent door.
  6563 | D:7      | Noticed Crazy Yiuf
  6968 | D:8      | Reached XP level 10. HP: 26/55 MP: 21/21
  7369 | D:8      | Noticed a walking crystal tome
  7371 | D:8      | Found Cughinunn's Book Shoppe.
  7373 | D:8      | Noticed a walking divine tome
  7635 | D:9      | Reached *** piety under Wu Jian
  7636 | D:9      | Reached skill level 7 in Shapeshifting
  7728 | D:9      | Found a stormy altar of Qazlal.
  8144 | D:9      | Reached skill level 10 in Dodging
  8472 | D:10     | Entered Level 10 of the Dungeon
  8578 | D:10     | Noticed Maurice
  8589 | D:10     | Reached skill level 8 in Shapeshifting
  8611 | D:10     | Killed Maurice
  8685 | D:10     | Reached **** piety under Wu Jian
  8696 | D:10     | Reached skill level 9 in Shapeshifting
  8924 | D:10     | Reached XP level 11. HP: 56/60 MP: 22/22
  8935 | D:10     | Found a staircase to the Lair.
  9091 | D:10     | Found a sparkling altar of Nemelex Xobeh.
  9179 | D:10     | Noticed a two-headed ogre
  9182 | D:10     | Killed a two-headed ogre
  9183 | D:10     | Reached skill level 10 in Shapeshifting
  9327 | D:10     | Found an ancient bone altar of Kikubaaqudgha.
  9612 | D:11     | Reached ***** piety under Wu Jian
 10109 | D:11     | Noticed a deep elf pyromancer
 10109 | D:11     | Noticed an orc knight
 10111 | D:11     | Killed an orc knight
 10111 | D:11     | Killed a deep elf pyromancer
 10483 | D:12     | Noticed a green ugly thing
 10486 | D:12     | Killed a green ugly thing
 10530 | D:12     | Noticed a green ugly thing
 10936 | D:12     | Slain by a cyclops
 10936 | D:12     | Lost a life (1 life remaining)
 11182 | D:12     | Found a staircase to the Orcish Mines.
 11285 | D:12     | Found Tipsofre's Jewellery Shoppe.
 11432 | Orc:1    | Entered Level 1 of the Orcish Mines
 11436 | Orc:1    | Found a frozen archway.
 11436 | Orc:1    | Noticed an orc sorcerer
 11442 | Orc:1    | Killed an orc sorcerer
 11443 | Orc:1    | Gained mutation: Your thick and shaggy fur keeps you warm.
                  | (AC +3, rC+) [Felid growth]
 11443 | Orc:1    | Reached XP level 12. HP: 65/65 MP: 23/23
 11443 | Orc:1    | Gained a life (2 lives remaining)
 11450 | Orc:2    | Entered Level 2 of the Orcish Mines
 11450 | Orc:2    | Found a staircase to the Elven Halls.
 11459 | Orc:2    | Found Fungeys's Armour Shop.
 11561 | Orc:2    | Found Heaveir's Book Boutique.
 11561 | Orc:2    | Found Uga Mumo's Antique Weapon Emporium.
 11563 | Orc:2    | Found Tafozit's Distillery.
 11565 | Orc:2    | Found Itiocid's Book Shop.
 11592 | Orc:2    | Reached skill level 11 in Shapeshifting
 11620 | Orc:2    | Bought a potion of heal wounds for 85 gold pieces
 11620 | Orc:2    | Bought a potion of mutation for 136 gold pieces
 11620 | Orc:2    | Bought a potion of curing for 51 gold pieces
 11620 | Orc:2    | Bought a potion of curing for 51 gold pieces
 11620 | Orc:2    | Bought a potion of curing for 51 gold pieces
 11620 | Orc:2    | Bought a potion of enlightenment for 85 gold pieces
 11878 | Orc:2    | HP: 1/67 [orc priest/divine providence (14)]
 11883 | Orc:2    | Reached skill level 10 in Unarmed Combat
 12586 | Lair:1   | Entered Level 1 of the Lair of Beasts
 12748 | Lair:2   | Reached skill level 10 in Stealth
 12792 | Lair:2   | Found a runed translucent gate.
 12792 | Lair:2   | Found a runed translucent gate.
 12792 | Lair:2   | Found a runed translucent gate.
 12799 | Lair:3   | Noticed Gastronok
 12813 | Lair:3   | Killed Gastronok
 12870 | Lair:3   | Reached skill level 10 in Fighting
 12899 | Lair:3   | Reached XP level 13. HP: 72/72 MP: 24/24
 13138 | Lair:4   | Found a runed translucent door.
 13172 | Lair:4   | Found a viscous altar of Jiyva.
 13173 | Lair:4   | Noticed an acid blob
 13275 | Lair:4   | Reached ****** piety under Wu Jian
 13276 | Lair:4   | Identified the +8 dagger "Xapikomm" {flame, Str+3}
 13715 | Lair:5   | Entered Level 5 of the Lair of Beasts
 14394 | Lair:4   | Found a staircase to the Slime Pits.
 14394 | Lair:4   | Noticed an acid blob
 14538 | Lair:3   | Found a hole to the Spider Nest.
 14585 | Lair:3   | Reached skill level 12 in Shapeshifting
 14636 | Lair:3   | Paralysed by a hornet for 2 turns
 14913 | Lair:3   | Found a staircase to the Shoals.
 15431 | Lair:3   | Identified 2 scrolls of acquirement
 15432 | Lair:3   | Acquired a manual of Unarmed Combat
 15433 | Lair:3   | Acquired 1303 gold pieces
 15632 | Lair:2   | Reached XP level 14. HP: 79/79 MP: 15/15
 15768 | Lair:2   | Noticed Chimkentus's ghost (journeyman TrMo)
 16716 | Lair:5   | Noticed puppums's ghost (journeyman GrBe)
 16717 | Lair:5   | Found a runed translucent door.
 17328 | Lair:5   | Found a corrupted altar of Lugonu.
 17329 | Lair:5   | Found a one-way gate to the infinite horrors of the Abyss.
 17939 | Lair:1   | You fall into a shaft and drop 1 floor!
 18617 | D:13     | Noticed Frances
 18737 | D:13     | Killed Frances
 18758 | D:13     | Noticed DaftaChap's ghost (journeyman TrSh)
 18762 | D:13     | Found a transporter.
 18837 | D:13     | Found a transporter.
 18949 | D:13     | Noticed Rupert
 18956 | D:13     | Killed Rupert
 18957 | D:13     | Reached XP level 15. HP: 85/85 MP: 16/16
 19544 | D:14     | Found Ighyagit's Magic Scroll Shoppe.
 19566 | D:14     | Bought a scroll of blinking for 127 gold pieces
 19566 | D:14     | Bought a scroll of teleportation for 51 gold pieces
 19566 | D:14     | Bought 2 scrolls of butterflies for 136 gold pieces
 19948 | D:14     | Found a shimmering altar of Xom.
 19948 | D:14     | Found a shimmering altar of Xom.
 19949 | D:14     | Found a shimmering altar of Xom.
 19949 | D:14     | Found a shimmering altar of Xom.
 20114 | D:14     | Reached skill level 15 in Stealth
 20354 | D:14     | Reached skill level 13 in Shapeshifting
 20374 | D:14     | Found a gate to the Vaults.
 20437 | D:15     | Entered Level 15 of the Dungeon
 20633 | D:15     | Reached skill level 15 in Dodging
 20643 | D:15     | Found a staircase to the Depths.
 21449 | Shoals:1 | Entered Level 1 of the Shoals
 21494 | Shoals:2 | Reached skill level 15 in Unarmed Combat
 21546 | Shoals:3 | Noticed Bai Suzhen
 21568 | Shoals:3 | Noticed Ilsuiw
 21577 | Shoals:3 | Killed Ilsuiw
 21583 | Shoals:3 | Reached XP level 16. HP: 91/91 MP: 17/17
 21888 | Shoals:4 | Entered Level 4 of the Shoals
 21911 | Shoals:4 | Found a glowing golden altar of the Shining One.
 21964 | Shoals:4 | Got an azure gem with 1254 turns to spare
 21966 | Shoals:4 | Got a barnacled rune of Zot
 22217 | Shoals:2 | Noticed Polyphemus
 22227 | Shoals:2 | Killed Polyphemus
 22309 | Shoals:2 | Noticed a kraken
 22537 | Shoals:2 | Reached skill level 14 in Shapeshifting
 22709 | Shoals:1 | Found Adyabl Ycvet's General Store.
 22754 | Shoals:1 | Bought a scroll of teleportation for 36 gold pieces
 22754 | Shoals:1 | Bought a scroll of teleportation for 36 gold pieces
 22754 | Shoals:1 | Bought a ring of poison resistance for 240 gold pieces
 22754 | Shoals:1 | Bought a potion of invisibility for 96 gold pieces
 23033 | Shoals:1 | Slain by a merfolk impaler
 23033 | Shoals:1 | Lost a life (1 life remaining)
 23126 | Shoals:1 | Lost the azure gem through the power of Zot.
 23576 | Spider:1 | Entered Level 1 of the Spider Nest
 23671 | Spider:1 | Reached XP level 17. HP: 73/98 MP: 18/18
 23671 | Spider:1 | Gained a life (2 lives remaining)
 23945 | Spider:1 | Got the Secrets of the Entourage and Conjury
 24609 | Spider:4 | Entered Level 4 of the Spider Nest
 24618 | Spider:4 | Noticed Arachne
 24627 | Spider:4 | Killed Arachne
 24674 | Spider:4 | Reached skill level 15 in Fighting
 24696 | Spider:4 | Identified the +0 scale mail of the Eternal Void {Harm rN+
                  | Regen+}
 25055 | Spider:4 | Slain by a spark wasp
 25055 | Spider:4 | Lost a life (1 life remaining)
 25407 | Spider:4 | Reached XP level 18. HP: 104/104 MP: 19/19
 25407 | Spider:4 | Gained a life (2 lives remaining)
 25737 | Spider:4 | Got a milky-white gem with 274 turns to spare
 25742 | Spider:4 | Got a gossamer rune of Zot
 25971 | Spider:3 | Reached skill level 15 in Shapeshifting
 26004 | Spider:3 | Lost the milky-white gem through the power of Zot.
 26031 | Spider:3 | Identified the +1 kite shield of Modesty {Dex+5}
 26031 | Spider:3 | Noticed Asterion
 26536 | Spider:3 | Noticed Mlioglotl
 26542 | Spider:3 | Killed Mlioglotl
 26728 | Spider:3 | Killed Asterion
 27726 | Elf:1    | Entered Level 1 of the Elven Halls
 27863 | Elf:1    | Found a shimmering blue altar of Sif Muna.
 27885 | Elf:1    | Found Cizodi's General Store.
 27888 | Elf:1    | Found Upo Amim's Distillery.
 27888 | Elf:1    | Found Yqee's General Store.
 27891 | Elf:1    | Found Ejucs's Magic Scroll Shoppe.
 27907 | Elf:1    | Bought a scroll of blinking for 105 gold pieces
 27912 | Elf:1    | Bought a scroll of poison for 72 gold pieces
 27912 | Elf:1    | Bought a scroll of immolation for 72 gold pieces
 27915 | Elf:1    | Bought a potion of heal wounds for 80 gold pieces
 27915 | Elf:1    | Bought 2 potions of curing for 96 gold pieces
 27915 | Elf:1    | Bought a potion of cancellation for 128 gold pieces
 27915 | Elf:1    | Bought a potion of berserk rage for 80 gold pieces
 27915 | Elf:1    | Bought a potion of haste for 160 gold pieces
 27915 | Elf:1    | Bought a potion of curing for 48 gold pieces
 27915 | Elf:1    | Bought a potion of mutation for 128 gold pieces
 27915 | Elf:1    | Bought a potion of berserk rage for 80 gold pieces
 27918 | Elf:1    | Bought the ring "Nyjeg" {rElec Dex+3 SInv} for 564 gold
                  | pieces
 28671 | Elf:2    | Found Hagipp's Antique Weapon Boutique.
 28719 | Elf:2    | Found a runed translucent gate.
 28719 | Elf:2    | Found a runed translucent gate.
 28720 | Elf:2    | Found a runed translucent gate.
 28724 | Elf:2    | Noticed Lalunt's ghost (adept MiBe)
 28724 | Elf:2    | Noticed Tago's ghost (adept TrFi)
 28887 | Elf:2    | Found a radiant altar of Vehumet.
 28968 | Elf:2    | Found a runed translucent gate.
 28969 | Elf:2    | Found a runed translucent gate.
 28969 | Elf:2    | Found a runed translucent gate.
 29290 | Elf:2    | Acquired 885 gold pieces
 29292 | Elf:2    | Acquired the ring "Belouph" {Fly rF+ rN+}
 29294 | Elf:2    | Acquired a manual of Shapeshifting
 29308 | Elf:3    | Entered Level 3 of the Elven Halls
 29692 | Elf:3    | Reached XP level 19. HP: 105/109 MP: 20/20
 29726 | Elf:3    | Found the necklace of Bloodlust {Fury *Rage Will++ Int-3
                  | Slay+6}
 29741 | Elf:3    | Reached skill level 16 in Shapeshifting
 29776 | Elf:3    | Identified the +3 scimitar of the Sheltering Pariah
                  | {freeze, ^Fragile rCorr Str+6}
 29783 | Elf:3    | Noticed a Brimstone Fiend
 29804 | Elf:3    | Identified the +3 quarterstaff of Responsibility {drain,
                  | *Rage *Noise Dex+5 SInv}
 29823 | Elf:3    | Found the ring of the Hare {EV+10}
 29832 | Elf:3    | Got Sif Muna's Quarto of Elsewhere and Convocation
 29915 | Elf:3    | Identified the amulet of Xurgh {Acrobat Harm rN+ SInv}
 29999 | Elf:3    | Identified the +2 sling of Kaar {antimagic, rN+ rCorr
                  | Dex+2}
 30004 | Elf:3    | Identified the ring "Ydoz" {Will+ Dex+6 Slay+2}
 30007 | Elf:3    | Identified the +9 plate armour of Dishonesty {rF+ rN+
                  | Regen+}
 30114 | Elf:3    | Identified the ring of the Past {Wiz Slay+3}
 30538 | Elf:3    | Identified the staff of Huirun {rElec rPois rN++ Int-3
                  | Alchemy}
 30566 | Elf:3    | Reached skill level 17 in Shapeshifting
 30575 | Elf:3    | Got the Discursus on the Bloody Curse
 30871 | Vaults:1 | Entered Level 1 of the Vaults
 31436 | Vaults:1 | Reached skill level 1 in Evocations
 31896 | Vaults:2 | You fall into a shaft and drop 1 floor!
 31981 | Vaults:3 | Found a gateway to a bazaar.
 32022 | Vaults:3 | Reached XP level 20. HP: 119/119 MP: 21/21
 32099 | Vaults:2 | Reached skill level 18 in Shapeshifting
 32130 | Vaults:2 | Found a staircase to the Crypt.
 32153 | Vaults:2 | Reached skill level 5 in Evocations
 34020 | Vaults:4 | HP: 2/111 [yaktaur captain/bolt (34)]
 34020 | Vaults:4 | Shot with a bolt by a yaktaur captain
 34020 | Vaults:4 | Lost a life (1 life remaining)
 34022 | Vaults:4 | Noticed Margery
 34023 | Vaults:4 | Noticed Zenata
 34030 | Vaults:4 | Killed Margery
 34035 | Vaults:4 | Killed Zenata
 34080 | Vaults:4 | Reached skill level 19 in Shapeshifting
 34088 | Vaults:5 | Entered Level 5 of the Vaults
 34115 | Vaults:5 | Reached XP level 21. HP: 126/126 MP: 22/22
 34115 | Vaults:5 | Gained a life (2 lives remaining)
 34148 | Vaults:5 | Identified the storm talisman of the Nurturing Gods {Int+3}
 34166 | Vaults:5 | Found the +8 orange crystal plate armour {Archmagi, Int+3
                  | Clar}
 34182 | Vaults:5 | Reached skill level 10 in Evocations
 34214 | Vaults:5 | Noticed a golden dragon
 34222 | Vaults:5 | Killed a golden dragon
 34250 | Vaults:5 | Found the ring of Shadows {Umbra +Inv Stlth+}
 34431 | Vaults:5 | Identified the amulet "Zeighas" {Faith rF- Int+3 Stlth+}
 34434 | Vaults:5 | Identified the ring "Vohuhodd" {Ice ^Contam Fly rPois}
 34476 | Vaults:5 | Got a shining gem with 254 turns to spare
 34687 | Vaults:5 | Got a silver rune of Zot
 34740 | Vaults:5 | Lost the shining gem through the power of Zot.
 35147 | Vaults:5 | Identified the amulet of Kuehy {Acrobat Rampage rElec Str-5
                  | Slay+4}
 35513 | Vaults:5 | Got the Vellum of Apparitions
 35624 | Vaults:5 | Identified the ring "Eluolank" {rElec rN++ AC+4 Slay+4}
 35628 | Vaults:5 | Identified the +4 arbalest of the Blowfly {flame, ^Drain
                  | rC+ rN+ Dex+4}
 35896 | Depths:1 | Entered Level 1 of the Depths
 35902 | Depths:1 | Reached XP level 22. HP: 133/133 MP: 23/23
 35911 | Depths:1 | Found Duast's Assorted Antiques.
 35920 | Depths:1 | Bought a potion of curing for 108 gold pieces
 35920 | Depths:1 | Bought a potion of mutation for 288 gold pieces
 36103 | Depths:1 | Found a gateway to Hell.
 36112 | Depths:1 | Reached skill level 20 in Shapeshifting
 36341 | Depths:1 | Identified the +1 helmet of Valour {Str+2}
 36861 | Depths:2 | Found a broken altar of Ashenzari.
 36948 | Depths:2 | Found a one-way gate leading to the halls of Pandemonium.
 36985 | Depths:2 | Found Big Baal Hell's Store.
 37012 | Depths:2 | Bought 10 potions of might for 2640 gold pieces
 37145 | Depths:2 | Found an ancient bone altar of Kikubaaqudgha.
 37175 | Depths:3 | Noticed a golden dragon
 37180 | Depths:3 | Killed a golden dragon
 37181 | Depths:3 | Reached skill level 21 in Shapeshifting
 37215 | Depths:4 | Entered Level 4 of the Depths
 37215 | Depths:4 | Noticed a golden dragon
 37217 | Depths:4 | Killed a golden dragon
 37412 | Depths:4 | Found a gate to the Realm of Zot.
 37460 | Depths:4 | Got a midnight gem with 1110 turns to spare
 37462 | Zot:1    | Entered Level 1 of the Realm of Zot
 37570 | Zot:1    | Reached skill level 22 in Shapeshifting
 37980 | Zot:2    | Reached XP level 23. HP: 137/137 MP: 24/24
 38836 | Zot:3    | Noticed an orb of fire
 38843 | Zot:3    | Killed an orb of fire
 38844 | Zot:3    | Reached skill level 23 in Shapeshifting
 38863 | Zot:3    | Noticed a Killer Klown
 38880 | Zot:3    | Killed a Killer Klown
 38986 | Zot:4    | Found Iraugg's Assorted Antiques.
 38986 | Zot:4    | Noticed a Killer Klown
 39016 | Zot:5    | Entered Level 5 of the Realm of Zot
 39016 | Zot:5    | Noticed a Killer Klown
 39018 | Zot:5    | Killed a Killer Klown
 39042 | Zot:5    | Noticed a Killer Klown
 39046 | Zot:5    | Killed a Killer Klown
 39379 | Zot:5    | Noticed a dread lich
 39408 | Zot:5    | Noticed a Killer Klown
 39412 | Zot:5    | Noticed an orb of fire
 39412 | Zot:5    | Noticed an orb of fire
 39415 | Zot:5    | Noticed an ancient lich
 39415 | Zot:5    | Noticed an orb of fire
 39415 | Zot:5    | Noticed an orb of fire
 39417 | Zot:5    | Noticed an orb of fire
 39419 | Zot:5    | Killed an orb of fire
 39424 | Zot:5    | Gained mutation: You do not regenerate when monsters are
                  | visible. [an orb of fire]
 39427 | Zot:5    | Killed an ancient lich
 39427 | Zot:5    | Killed an orb of fire
 39427 | Zot:5    | Killed an orb of fire
 39429 | Zot:5    | Killed an orb of fire
 39459 | Zot:5    | Reached XP level 24. HP: 126/144 MP: 24/24
 39462 | Zot:5    | Noticed an orb of fire
 39463 | Zot:5    | Got the Orb of Zot
 39470 | Zot:5    | Killed an orb of fire
 39474 | Zot:5    | Killed a Killer Klown
 39948 | D:$      | Escaped with the Orb!

Illustrated notes

Levels and vault maps discovered:
D:1:      lightli_arrival_quake, layout_rooms, grunt_decor_one_mirror
D:2:      layout_rooms, serial_shops, nicolae_shop_hallway_plus,
          ebering_ecumenical_altar_abandoned, uniq_jessica
D:3:      layout_basic, mainiacjoe_overflow_alcove_1,
          mainiacjoe_overflow_surrounded_room, old_standard_altar, serial_shops,
          nicolae_shop_hallway_plus, uniq_ijyb, uniq_grinder
D:4:      layout_cave_pools, fedhas_altar_4, grunt_dithmenos_smoke
D:5:      layout_layer_cave, minmay_temple_entry_proselytizer,
          hellmonk_guarded_unrand_hermit
D:6:      layout_gridville, mainiacjoe_overflow_24_doors,
          hellmonk_ghost_happy_afterlife
D:7:      layout_rooms, mainiacjoe_overflow_small_starburst,
          supply_closet_lemuel, serial_bayou_pond_b, uniq_crazy_yiuf_cottage,
          uniq_joseph, uniq_menkaure, uniq_duvessa
D:8:      layout_rooms, serial_shops, nicolae_shop_mannequins
D:9:      layout_basic, mainiacjoe_overflow_brackets
D:10:     layout_roguey, lemuel_zombie_altar_kikubaaqudgha,
          overflow_temple_1_default, due_lair_maze_entry_diamond, uniq_maurice
D:11:     layout_rooms, minivault_20
D:12:     layout_basic, orc_0_dummy, serial_shops, kennysheep_mini_moat
D:13:     layout_long_grid, gammafunk_ghost_berserking_beasts, uniq_frances,
          uniq_rupert
D:14:     layout_basic, david_vaults_4, serial_shops, shop,
          chequers_serial_rivers_small_a, xom_shifter_show
D:15:     gammafunk_depths_entry_grave, layout_rooms, serial_rivers,
          chequers_serial_rivers_small_3, chequers_serial_rivers_large_b,
          chequers_serial_rivers_micro_e, chequers_serial_rivers_micro_a,
          chequers_serial_rivers_small_b
Temple:   hellmonk_temple_flake
Lair:1:   layout_cave_pods, beast_lair_carwin_3, serial_bayou_shore_b
Lair:2:   minmay_lair_oklob_chamber, layout_cave_pods, gammafunk_ghost_icy
Lair:3:   layout_cave_pods, elwin_shoals_entry_stream,
          spider_nest_entry_web_field, minmay_shattered_shrine,
          infiniplex_staircase_pool_2, uniq_gastronok
Lair:4:   layout_hall_layers, slime_entry_2, serial_forest,
          infiniplex_forest_end_double, infiniplex_forest_clump_curved,
          infiniplex_forest_clump_diagonal, infiniplex_forest_diagonal,
          infiniplex_forest_straight_3, infiniplex_forest_end_double,
          infiniplex_forest_clump_curved, pdpol_lair_cavern_descent
Lair:5:   hellmonk_lair_end_abyssal_woods, layout_regular_city,
          gammafunk_ghost_grave, lookout_lair_type
Shoals:1: layout_shoals, serial_shops,
          nicolae_shop_temple_entry_statues_fountains
Shoals:2: layout_shoals, uniq_polyphemus
Shoals:3: layout_shoals, hangedman_shoals_cup_caves, uniq_ilsuiw,
          uniq_bai_suzhen
Shoals:4: shoals_end_hellmonk_holy_island, serial_shops
Spider:1: layout_cave_pods, hangedman_spider_tarantella_strand
Spider:2: layout_cave_pods, nicolae_spider_paper_wasps
Spider:3: nicolae_spider_corner, uniq_mlioglotl, uniq_asterion
Spider:4: guppyfry_spider_rune, worms_lemuel, uniq_arachne
Orc:1:    layout_caves, portal_ice_cave_entry_pillars_1
Orc:2:    st_orc_rangers, layout_caves, serial_shops, shop
Elf:1:    minmay_elf_arrival_plus, layout_geoelf_diagonals, basic_altar,
          kennysheep_underground_church, minmay_shoptagon
Elf:2:    nicolae_elf_blades_crystal_corner, layout_loops_ring, basic_altar,
          serial_shops, nicolae_shop_stone, gammafunk_ghost_cemetery
Elf:3:    nooodl_elf_gasket, layout_gridlike,
          minmay_the_grid_square_5x5_3x3_mashed [minmay_the_grid_square_5x5_n,
          minmay_the_grid_square_5x5_meh,
          minmay_the_grid_square_5x5_inverted_slash,
          minmay_the_grid_square_5x5_six,
          minmay_the_grid_square_5x5_megaprize_checkered,
          minmay_the_grid_square_5x5_beaten_path,
          minmay_the_grid_square_5x5_hollow_slash,
          minmay_the_grid_square_5x5_seven, minmay_the_grid_square_5x5_eight]
Vaults:1: hangedman_vaults_stream, nicolae_vaults_little_squares_3,
          grunt_vaults_focal, v_misc_27, v_rooms_1, v_misc_30,
          nicolae_vaults_door_testing_chamber, nicolae_vaults_apartment_1,
          nicolae_vaults_specimen_jars, ontoclasm_vaults_twist,
          vaults_dpeg_hooks, nicolae_vaults_rhombus_6, nicolae_vaults_diamond_2,
          v_misc_3, grunt_vaults_hallway_long,
          nicolae_vaults_trapezoid_lopsided_3, nicolae_vaults_little_squares_5,
          layout_vaults_omnibox
Vaults:2: minmay_crypt_entry_simple_sparse, nicolae_vaults_triangles,
          nicolae_vaults_closet_pinwheel_6, v_misc_4, ontoclasm_vaults_eye,
          nicolae_vaults_double_plus_1, nicolae_vaults_diagonal_hallway_8,
          nicolae_vaults_yaktaur_gun_rack, vaults_room_pool,
          vaults_room_stairs_pillars, nicolae_vaults_mini_display_case,
          nicolae_vaults_tetromino_Z_1, nicolae_vaults_house_2,
          layout_vaults_maze_bifur
Vaults:3: ontoclasm_vaults_idyll, nicolae_vaults_hallways_thing,
          nicolae_vaults_steering_wheel, vaults_room_stairs_pillars,
          nicolae_vaults_six-pack, vaults_room_hallway, grunt_vaults_twisty,
          layout_vaults_omnigrid, serial_shops, bzr_entry_customers
Vaults:4: hangedman_vaults_variations, nicolae_vaults_storage_room_glass,
          nicolae_vaults_octothorpe, nicolae_vaults_shelves_hall,
          nicolae_vaults_trapezoid_1, hangedman_vaults_restitches,
          ontoclasm_vaults_spin, v_alt_pattern_4, dpeg_vaults_monster_box,
          minmay_orc_keep, layout_vaults_chaotic_city, uniq_margery, uniq_zenata
Vaults:5
Depths:1: layout_twisted_cross, grunt_hell_horde, serial_shops,
          nicolae_shop_stone, hellmonk_scarab_ruin
Depths:2: evilmike_negative_zone, layout_cross, rand_demon_pan_entry_8,
          nicolae_hell_entry_big_baal_hell, glass_columns_b,
          nicolae_ashenzari_panopticon
Depths:3: minmay_curly_fans, layout_small_grid, enter_ziggurat_a, hell_entry,
          abyss_entry, serial_library_hellmonk_big_corner, gammafunk_ghost_split
Depths:4: grunt_crosshair, layout_cave_pools, hell_entry
Zot:1:    layout_gridlike, regret_index_zotdec_stipple_waver
Zot:2:    layout_gridlike, ebering_ghost_reflecting_pool,
          regret_index_zotdec_storm_pass
Zot:3:    layout_twisted_circle, hangedman_player_shredder
Zot:4:    layout_basic, hangedman_zot_wheel_spokes, ebering_ghost_gozag
Zot:5:    layout_gridville

Skill      XL: |  1  2  3  4  5  6  7  8  9 10 11 12 13 14 15 16 17 18 19 20 21 22 23 |
---------------+----------------------------------------------------------------------+-----
Stealth        | 1 2 3 4 5 7 10 12 14 16 17 19 | 19.8
Shapeshifting  | 1 2 3 5 6 9 10 11 12 13 14 15 17 19 22 23 | 23.0
Dodging        | 5 6 8 9 10 11 12 14 15 17 18 19 21 | 21.5
Fighting       | 4 5 6 7 8 10 11 12 13 14 15 16 17 19 20 | 20.9
Unarmed Combat | 5 6 7 8 9 10 11 13 15 17 18 19 20 | 20.8
Evocations     | 3 9 13 | 13.9

Action                     |  1- 3 |  4- 6 |  7- 9 | 10-12 | 13-15 | 16-18 | 19-21 | 22-24 || total
---------------------------+-------+-------+-------+-------+-------+-------+-------+-------++-------
  Melee: Unarmed           |    82 |   101 |   266 |   644 |  1179 |  1333 |  1168 |   898 ||  5671
         Bite              |     4 |    13 |    32 |    93 |   156 |   216 |   196 |    92 ||   802
         Punch             |     1 |     1 |    10 |    36 |   104 |   173 |   210 |   151 ||   686
         Maw               |       |       |       |   130 |   356 |   457 |   457 |    72 ||  1472
         Constrict         |       |       |       |    12 |    39 |       |       |       ||    51
 Invoke: Serpent's Lash    |       |       |       |     5 |    16 |    24 |    12 |    15 ||    72
         Heavenly Storm    |       |       |       |     1 |     1 |     3 |     1 |     1 ||     7
Ability: Lunge             |       |       |    21 |    69 |    86 |   150 |   104 |    75 ||   505
         Whirlwind         |       |       |    10 |   181 |   245 |   516 |   453 |   320 ||  1725
         Wall Jump         |       |       |       |       |       |       |     1 |     1 ||     2
         Blinkbolt         |       |       |       |       |       |       |       |     2 ||     2
  Evoke: Wand              |       |     2 |    40 |     9 |     9 |       |       |     1 ||    61
         Condenser vane    |       |       |       |       |       |       |       |     1 ||     1
    Use: Scroll            |       |     5 |     6 |     8 |    17 |    15 |     2 |     3 ||    56
         Potion            |       |     2 |     1 |     1 |     5 |    12 |     4 |     6 ||    31
   Stab: Sleeping          |     1 |     1 |    17 |    12 |    44 |    55 |    43 |    24 ||   197
         Distracted        |       |       |     2 |     3 |     3 |     9 |     2 |       ||    19
         Invisible         |       |       |       |       |     2 |       |       |       ||     2
         Petrifying        |       |       |       |       |       |     1 |       |       ||     1
         Fleeing           |       |       |       |       |       |     1 |       |       ||     1
 Armour: Skin              |    19 |    31 |    70 |   134 |   350 |   326 |   166 |   287 ||  1383
  Dodge: Dodged            |    64 |    83 |   250 |   540 |  1064 |  1283 |   782 |  1097 ||  5163
   Form: Beast             |       |       |     1 |       |       |       |       |       ||     1
         Maw               |       |       |       |     1 |     1 |       |       |       ||     2
         Serpent           |       |       |       |     1 |       |       |       |       ||     1
         Statue            |       |       |       |       |       |       |       |     1 ||     1
         Storm             |       |       |       |       |       |       |       |     1 ||     1
